 Dungeon Crawl Stone Soup version 0.22-a0-154-gda3306adca (webtiles) character file.

81 RedPan the Charmwright (level 4, -8/38 HPs)
             Began as a Gnoll Skald on Feb 8, 2018.
             Mangled by an orc warrior
             ... wielding a +0 dire flail
              (22 damage)
             ... on level 3 of the Dungeon.
             The game lasted 00:04:42 (1899 turns).

RedPan the Charmwright (Gnoll Skald)                Turns: 1899, Time: 00:04:43

Health: -8/38      AC:  6    Str: 14    XL:     4   Next: 42%
Magic:  15/20      EV: 11    Int: 16    God:
Gold:   92         SH:  0    Dex: 14    Spells: 5/13 levels left

rFire    . . .     SeeInvis .   a - +0 falchion
rCold    . . .     Gourm    .   (no shield)
rNeg     . . .     Faith    .   r - +0 scale mail
rPois    .         Spirit   .   (no helmet)
rElec    .         Reflect  .   (no cloak)
rCorr    .         Harm     .   (no gloves)
MR       .....                  (no boots)
Stlth    ..........             e - amulet of magic regeneration
HPRegen  0.12/turn              j - ring of magical power
MPRegen  0.42/turn              (no ring)

@: infused, very slightly contaminated
A: distributed training, fangs 1, strong nose
a: no special abilities


You were on level 3 of the Dungeon.
You were hungry.

You visited 1 branch of the dungeon, and saw 3 of its levels.

You collected 92 gold pieces.

Inventory:

Hand Weapons
 a - a +0 falchion (weapon)
Armour
 b - a +0 leather armour
 m - a +0 chain mail
 r - a +0 scale mail (worn)
Jewellery
 e - an amulet of magic regeneration (around neck)
 j - a ring of magical power (left hand)
 p - an uncursed ring of positive energy {unknown}
Wands
 o - a wand of disintegration (9)
Scrolls
 f - a scroll of blinking {unknown}
 i - 5 scrolls of identify {unknown}
 k - 3 scrolls of remove curse {unknown}
 l - a scroll of teleportation {unknown}
 n - a scroll of magic mapping {unknown}
 s - a scroll of random uselessness {unknown}
Potions
 g - a potion of ambrosia {unknown}
 h - 2 potions of curing {unknown}
 q - a potion of flight {unknown}
Books
 c - a book of Battle

   Spells                             Type                      Level
   a - Infusion                       Charms                       1
   b - Shroud of Golubria             Charms/Translocation         2
   c - Song of Slaying                Charms                       2
   d - Spectral Weapon                Hexes/Charms                 3
   e - Regeneration                   Charms/Necromancy            3
 u - a book of Conjurations

   Spells                             Type                      Level
   a - Magic Dart                     Conjuration                  1
   b - Searing Ray                    Conjuration                  2
   c - Dazzling Spray                 Conjuration/Hexes            3
   d - Fulminant Prism                Conjuration/Hexes            4
   e - Force Lance                    Conjuration/Translocation    4
   f - Iskenderun's Mystic Blast      Conjuration                  4
Comestibles
 d - 10 rations
 t - a chunk of flesh


   Skills:
 + Level 4.6 Fighting
 + Level 1.1 Short Blades
 + Level 4.6 Long Blades
 + Level 1.1 Axes
 + Level 1.1 Maces & Flails
 + Level 1.1 Polearms
 + Level 1.1 Staves
 + Level 1.1 Slings
 + Level 1.1 Bows
 + Level 1.1 Crossbows
 + Level 1.1 Throwing
 + Level 2.7 Armour
 + Level 4.6 Dodging
 + Level 1.1 Stealth
 + Level 1.1 Shields
 + Level 1.1 Unarmed Combat
 + Level 5.0 Spellcasting
 + Level 0.8 Conjurations
 + Level 0.8 Hexes
 + Level 5.4 Charms
 + Level 0.8 Summonings
 + Level 0.8 Necromancy
 + Level 0.8 Translocations
 + Level 0.8 Transmutations
 + Level 0.8 Fire Magic
 + Level 0.8 Ice Magic
 + Level 0.8 Air Magic
 + Level 0.8 Earth Magic
 + Level 0.8 Poison Magic
 + Level 1.2 Invocations
 + Level 1.1 Evocations


You had 5 spell levels left.
You knew the following spells:

 Your Spells              Type           Power        Failure   Level  Hunger
a - Infusion              Chrm           ###.         6%          1    None
b - Shroud of Golubria    Chrm/Tloc      ##........   26%         2    #......
c - Regeneration          Chrm/Necr      ##........   45%         3    ###....
d - Song of Slaying       Chrm           ###.....     10%         2    #......


Dungeon Overview and Level Annotations

Branches:
Dungeon (3/15)

Altars:


Innate Abilities, Weirdness & Mutations

Your experience applies equally to all skills.
You have very sharp teeth.
Your uncanny sense of smell can sniff out nearby items.


Message History

The orc warrior hits you with a dire flail!
Your shroud falls apart!
The orc barely misses you.
You are too injured to fight recklessly!
You are too injured to fight recklessly!
You are too injured to fight recklessly!
You hit the orc.
The orc is almost dead.
The orc warrior barely misses you. The orc closely misses you.
You riposte.
You hit the orc.
You kill the orc!
Casting: Infusion (safe; 6% risk of failure)
Confirm with . or Enter, or press ? or * to list all spells.
You miscast Shroud of Golubria.
You are very lightly contaminated with residual magic.
The world appears momentarily distorted!
You are feeling hungry.
The orc warrior hits you with a dire flail!!
Ouch! That really hurt!
You die...

####### .......
######. ∆
.......#.......
.............#
......o[..)#
###@.# ##.).##∆
∆ #..###
####.## #....#
#...## #...#
#...#########
#...........#


You could see an orc warrior.

Vanquished Creatures
  An adder (D:2)
  An ooze (D:1)
  2 worms (D:2)
  2 dart slugs
  A leopard gecko (D:3)
  3 orcs (D:3)
  A giant cockroach (D:3)
  9 goblins
  7 hobgoblins
  6 jackals
  4 kobolds
  A quokka (D:2)
  4 bats
  2 frilled lizards (D:1)
  5 rats
49 creatures vanquished.

Notes
Turn   | Place    | Note
-------+----------+-------------------------------------------
     0 | D:1      | RedPan the Gnoll Skald began the quest for the Orb.
     0 | D:1      | Reached XP level 1. HP: 20/20 MP: 6/6
   105 | D:1      | Reached XP level 2. HP: 22/26 MP: 7/7
   321 | D:1      | Reached XP level 3. HP: 29/31 MP: 9/9
   328 | D:1      | Reached skill level 5 in Spellcasting
   349 | D:1      | Learned a level 2 spell: Shroud of Golubria
   353 | D:1      | Learned a level 3 spell: Regeneration
   356 | D:1      | Learned a level 2 spell: Song of Slaying
   689 | D:2      | Reached skill level 1 in Invocations
   855 | D:2      | Reached skill level 1 in Short Blades
   855 | D:2      | Reached skill level 1 in Axes
   855 | D:2      | Reached skill level 1 in Maces & Flails
   855 | D:2      | Reached skill level 1 in Polearms
   855 | D:2      | Reached skill level 1 in Staves
   855 | D:2      | Reached skill level 1 in Slings
   855 | D:2      | Reached skill level 1 in Bows
   855 | D:2      | Reached skill level 1 in Crossbows
   855 | D:2      | Reached skill level 1 in Throwing
   855 | D:2      | Reached skill level 1 in Stealth
   855 | D:2      | Reached skill level 1 in Shields
   855 | D:2      | Reached skill level 1 in Unarmed Combat
   855 | D:2      | Reached skill level 1 in Evocations
   855 | D:2      | Reached XP level 4. HP: 38/38 MP: 11/11
  1685 | D:3      | Noticed an orc warrior
  1892 | D:3      | Noticed an orc warrior
  1899 | D:3      | Mangled by an orc warrior

Vault maps used:
D:1:      sevenhm_arrival_forest_fort_small_6
D:2:      first_ration, bh_chokoban
D:3:      kennysheep_slug_shrine, st_stairs_5

Skill      XL: |  1  2  3 |
---------------+----------+-----
Spellcasting   | 5 |  5.0
Invocations    | 1 |  1.2
Short Blades   | 1 |  1.1
Axes           | 1 |  1.1
Maces & Flails | 1 |  1.1
Polearms       | 1 |  1.1
Staves         | 1 |  1.1
Slings         | 1 |  1.1
Bows           | 1 |  1.1
Crossbows      | 1 |  1.1
Throwing       | 1 |  1.1
Stealth        | 1 |  1.1
Shields        | 1 |  1.1
Unarmed Combat | 1 |  1.1
Evocations     | 1 |  1.1
Fighting       | |  4.6
Long Blades    | |  4.6
Armour         | |  2.7
Dodging        | |  4.6
Conjurations   | |  0.8
Hexes          | |  0.8
Charms         | |  5.4
Summonings     | |  0.8
Necromancy     | |  0.8
Translocations | |  0.8
Transmutations | |  0.8
Fire Magic     | |  0.8
Ice Magic      | |  0.8
Air Magic      | |  0.8
Earth Magic    | |  0.8
Poison Magic   | |  0.8

Action                   |  1- 3 |  4- 6 || total
-------------------------+-------+-------++-------
Melee: Falchion          |   108 |    45 ||   153
       Bite              |     9 |     9 ||    18
 Cast: Shroud of Golubri |     2 |     2 ||     4
       Infusion          |     2 |     2 ||     4
 Stab: Sleeping          |     2 |       ||     2
  Eat: Chunk             |       |     3 ||     3
Armor: Leather armour    |    14 |       ||    14
       Chain mail        |     8 |       ||     8
       Scale mail        |       |     6 ||     6
Dodge: Dodged            |    86 |    39 ||   125
       Rpst.: Falchion   |    27 |    12 ||    39

Table legend:
 A = Spawn XP
 B = Non-spawn XP
 C = Spawn XP percentage of total XP
 D = Spawn monster count
 E = Non-spawn monster count
 F = Spawn count percentage of total count
 G = Total turns spent on level
                    A         B        C        D         E        F      G
               +---------+---------+-------+---------+---------+-------+---------
         Total |       0 |     117 |   0.0 |       0 |      49 |   0.0 |  1899
               +---------+---------+-------+---------+---------+-------+---------
           D:1 |       0 |      54 |   0.0 |       0 |      27 |   0.0 |   628
           D:2 |       0 |      45 |   0.0 |       0 |      15 |   0.0 |  1188
           D:3 |       0 |      18 |   0.0 |       0 |       7 |   0.0 |    83
               +---------+---------+-------+---------+---------+-------+---------
